AoeStats
← ogipochi_

Arabia

503953209Analyzed
4v4 RM · 1mo ago on Sep 3, 2026· 44m 1s· 8 players
Game mode
Random Map
Map size
Large (8 player)
Population
200
Speed
Normal
Resources
Standard
Victory
Conquest
Starting age
Dark Age
Ending age
Imperial Age
RankedLock teamsTeams togetherTeam positionsShared explorationLock speedFull tech treeHidden civsTurbo modeCheats
Victory
Defeat
🇺🇸 Malians · United States
870
+17
🇨🇳 Persians · China
869
+17
🇨🇳 Poles · China
852
+17
🇯🇵 Aztecs · Japan
842
+18
🇨🇴 Spanish · Colombia
895
-19
🇵🇪 Persians · Peru
887
-17
🇨🇷 Khmer · Costa Rica
884
-39
🇺🇸 Khmer · United States
862
-24
ogipochi_
11:36 Feudal Age
10:55 Loom
12:02 Double-Bit Axe
12:09 Stone Mining
14:02 Wheelbarrow
13:10 Horse Collar
13:21 Gold Mining
20:54 Castle Age
19:35 Scale Mail Armor
20:02 Forging
23:07 Pikeman
23:48 Squires
23:33 Gambesons
23:34 Arson
27:20 Iron Casting
27:00 Chain Mail Armor
27:50 Hand Cart
29:38 Bow Saw
36:03 Imperial Age
36:29 Man-at-Arms
36:41 Capped Ram
37:44 Garland Wars
37:44 Conscription
38:55 Siege Ram
40:29 Town Watch
41:30 Caravan
42:03 Long Swordsman
42:08 Elite Jaguar Warrior
42:49 Two-Handed Swordsman
44:46 Blast Furnace
44:17 Plate Mail Armor
43:55 Champion
Bussies
3:57 Loom
15:23 Feudal Age
15:52 Horse Collar
15:58 Double-Bit Axe
17:04 Stone Mining
17:05 Arson
20:37 Castle Age
19:50 Forging
19:36 Gold Mining
22:04 Wheelbarrow
21:32 Heavy Plow
21:43 Bow Saw
22:52 Fletching
24:01 Scale Mail Armor
26:53 Squires
34:53 Iron Casting
34:34 Chain Mail Armor
34:46 Ballistics
34:31 Town Watch
42:35 Imperial Age
40:15 Caravan
43:41 Conscription
1627684093
0:54 Loom
13:36 Feudal Age
14:22 Double-Bit Axe
14:20 Horse Collar
25:13 Castle Age
25:16 Bloodlines
26:36 Bow Saw
26:29 Heavy Plow
31:42 Wheelbarrow
30:52 Town Watch
37:23 Scale Barding Armor
37:29 Forging
42:41 Imperial Age
41:32 Forging
42:54 Hand Cart
42:40 Town Patrol
45:28 Chemistry
44:39 Masonry
妍芸
5:17 Loom
11:16 Feudal Age
11:47 Horse Collar
11:53 Double-Bit Axe
16:06 Forging
17:06 Bloodlines
22:19 Castle Age
20:21 Gold Mining
22:24 Scale Barding Armor
26:09 Bow Saw
26:00 Heavy Plow
27:24 Husbandry
28:01 Iron Casting
28:05 Wheelbarrow
30:34 Szlachta Privileges
36:05 Imperial Age
33:56 Hand Cart
36:36 Cavalier
38:32 Chain Barding Armor
43:02 Treadmill Crane
44:20 Town Watch
45:37 Chemistry
44:48 Masonry
paperb0iiiiii
9:40 Feudal Age
10:25 Double-Bit Axe
14:01 Wheelbarrow
15:19 Bloodlines
16:26 Forging
17:06 Scale Barding Armor
20:38 Gold Mining
24:51 Castle Age
23:51 Wheelbarrow
25:10 Fletching
25:20 Padded Archer Armor
25:52 Bow Saw
26:38 Wheelbarrow
26:47 Loom
27:17 Horse Collar
30:00 Iron Casting
29:36 Crossbowman
30:57 Bodkin Arrow
31:17 Leather Archer Armor
33:04 Hand Cart
33:25 Husbandry
34:06 Heavy Plow
34:30 Chain Barding Armor
36:17 Gold Shaft Mining
38:16 Imperial Age
35:19 Elite Skirmisher
38:31 Arbalester
41:37 Blast Furnace
41:13 Plate Barding Armor
41:10 Ring Archer Armor
42:33 Light Cavalry
glopi
2:31 Loom
11:03 Feudal Age
11:36 Horse Collar
11:46 Double-Bit Axe
20:38 Bloodlines
26:04 Castle Age
32:38 Pikeman
Mr. S. Holmes
13:09 Feudal Age
14:18 Double-Bit Axe
15:08 Horse Collar
16:42 Gold Mining
17:18 Arson
19:40 Castle Age
21:04 Bloodlines
20:15 Light Cavalry
22:40 Bow Saw
24:14 Wheelbarrow
23:59 Forging
23:55 Scale Barding Armor
25:39 Hand Cart
27:59 Stone Mining
28:04 Pikeman
28:45 Squires
alavin alaban
7:25 Loom
12:12 Feudal Age
16:21 Castle Age
17:48 Double-Bit Axe
18:48 Horse Collar
27:25 Husbandry
27:38 Bloodlines
31:48 Town Watch
Connection lost

Rejoining the realm…

Still unreachable

The connection could not be restored.

Session expired

The server has moved on; the page needs a fresh start.